 Dungeon Crawl Stone Soup version 0.29-a0-789-g7a8fcbc185 (webtiles) character file.

Game seed: 6898997283635310760

310 elite277 the Gusty (level 6, -1/43 HPs)
             Began as a Human Air Elementalist on July 2, 2022.
             Was a Follower of Sif Muna.
             Killed by an exploding Dowan (25 damage)
             ... ignited by their inner flame
             ... on level 5 of the Dungeon.
             The game lasted 00:27:27 (5215 turns).

elite277 the Gusty (Human Air Elementalist)         Turns: 5215, Time: 00:27:28

Health: -1/43      AC:  2    Str:  9    XL:     6   Next: 70%
Magic:  2/11       EV: 13    Int: 17    God:    Sif Muna [*.....]
Gold:   166        SH:  0    Dex: 16    Spells: 6/12 levels left

rFire   . . .      SeeInvis .   n - +1 dagger of Yredelemnul's Hope {freeze, Fragile rPois rCorr Dex+3}
rCold   + . .      Faith    .   (no shield)
rNeg    . . .      Spirit   .   a - +0 robe
rPois   +          Reflect  .   (no helmet)
rElec   .          Harm     .   (no cloak)
rCorr   +          Rampage  .   (no gloves)
Will    .....                   (no boots)
Stlth   +.........              (no amulet)
HPRegen 0.14/turn               k - ring of ice
MPRegen 0.12/turn               l - ring of protection from fire

@: lit by a corona, sluggish, glowing, very slow
A: no striking features
a: Renounce Religion, Channel Magic


You were on level 5 of the Dungeon.
You worshipped Sif Muna.
Sif Muna was aware of your devotion.
You visited 2 branches of the dungeon, and saw 6 of its levels.

You collected 166 gold pieces.

Inventory:

Hand Weapons
 e - a +0 dagger
 n - the +1 dagger of Yredelemnul's Hope (weapon) {freeze, Fragile rPois rCorr Dex+3}
   (You found it on level 2 of the Dungeon)

   It freezes those it strikes, dealing additional cold damage.
   It can also slow down cold-blooded creatures.
   Dex:       It affects your dexterity (+3).
   rPois:     It protects you from poison.
   rCorr:     It protects you from acid and corrosion.
   Fragile:   It will be destroyed if unequipped.
 u - a +4 dagger
 w - a +3 war axe
Missiles
 j - 2 poisoned darts
 o - 8 silver boomerangs
Armour
 a - a +0 robe (worn)
 f - a +0 leather armour
Magical Staves
 v - a staff of conjuration
Jewellery
 k - a ring of ice (left hand)
 l - a ring of protection from fire (right hand)
Scrolls
 h - 3 scrolls of vulnerability
 i - 2 scrolls of magic mapping
 s - a scroll of immolation
 t - a scroll of brand weapon {unknown}
Potions
 b - a potion of magic
 c - 2 potions of curing
 d - a potion of degeneration {unknown}
 m - a potion of flight {unknown}
 q - 2 potions of might
 x - a potion of haste {unknown}


   Skills:
 + Level 1.0 Fighting
 + Level 1.4 Short Blades
 + Level 2.6 Dodging
 - Level 2.0 Stealth
 + Level 0.1 Unarmed Combat
 + Level 3.6 Spellcasting
 + Level 2.4 Conjurations
 + Level 4.6 Air Magic


You had 6 spell levels left.
You knew the following spells:

 Your Spells              Type           Power      Damage    Failure   Level
a - Shock                 Conj/Air       60%        1d6       3%          1
b - Static Discharge      Conj/Air       15%        3-5/arc   6%          2
c - Swiftness             Air            19%        N/A       7%          3

Your spell library contained the following spells:

 Spells                   Type           Power      Damage    Failure   Level
 Mephitic Cloud           Conj/Pois/Air  11%        N/A       19%         3
 Airstrike                Air            9%         0-4+      24%         4
 Ignite Poison            Fire/Tmut/Pois 3%         N/A       45%         3
 Freezing Cloud           Conj/Ice/Air   8%         6-21      86%         5


Dungeon Overview and Level Annotations

Branches:
Dungeon (5/15)             Temple (1/1) D:4

Altars:
Ashenzari
Cheibriados
Dithmenos
Fedhas
Gozag
Kikubaaqudgha
Makhleb
Okawaru
Qazlal
Ru
Sif Muna
Trog
Vehumet
Xom
The Shining One

Shops:
D:4 (

Annotations:
D:5 Duvessa


Message History

It was a scroll of immolation.
You feel sluggish.
Dowan zaps a wand.
The puff of flame hits you.
As you read the scroll labelled VAGIEN VEJUYNK, it crumbles to dust.
The scroll dissolves into smoke.
It was a scroll of fog.
The gnoll is engulfed in poison gas.
The gnoll is poisoned.
Flame seeps out of the gnoll.
Blink to where?
Press: ? - help, Dir - move target Are you sure you want to cancel this blink?
Blink to where?
Press: ? - help, Dir - move target
As you read the scroll labelled KIETABLY WUS, it crumbles to dust.
It was a scroll of blinking.
Dowan is engulfed in poison gas.
Dowan is poisoned.
Flame seeps out of Dowan.
Dowan gestures wildly while chanting.
Dowan blinks!
Okay, then.
You feel better.
Casting: Swiftness (dangerous; 7% risk of failure)
Confirm with . or Enter, or press ? or * to list all spells.
Aiming: Shock (safe; 3% risk of failure)
Press: ? - help, Shift-Dir - straight line, f - Dowan
Aim: Dowan, wielding a +0 dagger, wearing a +0 leather armour and carrying a wand of flame (9) (lightly wounded, inner flame, poisoned, 60% to hit)
The zap hits Dowan but does no damage.
Dowan is lightly wounded.
Flame seeps out of Dowan.
Dowan is engulfed in blazing flames.
Flame seeps out of Dowan.
Dowan mumbles some strange words.
Dowan blinks!
You barely miss Dowan.
Dowan is almost dead.
Flame seeps out of Dowan.
Flame seeps out of the gnoll.
Dowan is engulfed in poison gas.
Dowan looks even sicker.
Sif Muna accepts your kill.
You hear a distant scream of rage.
Dowan explodes!
The fiery explosion engulfs you!!
Ouch! That really hurt!
You die...

#.+.. #.#.. #.#.. #.+## #.#
##.# ####### ############..+
#...g.########§..○>......#.#
#.###.g.§§§§☼@§..###.###.>##
#.# #.########§#####.##.#..#
####.# #.#
######.##............ ..(..#
#.#.......)...##.##.......
######
#.#.###.#..#####.##..#....
#.# .. #... ..##.# ..#.
#.#... ...## ###.. ....
#.#.. .... .......


You could see a gnoll (inner flame, very poisoned).

Vanquished Creatures
  Dowan (D:5)
  A jelly (D:5)
  A hound (D:4)
  An orc priest (D:4)
  A bouda (D:5)
  An iguana (D:5)
  3 gnolls (D:5)
  5 adders
  A worm (D:3)
  2 dart slugs (D:4)
  9 orcs (D:4)
  4 ball pythons
  8 endoplasms
  4 giant cockroaches
  5 goblins
  8 hobgoblins
  6 quokkas
  6 bats
  4 frilled lizards
  3 kobolds
  A rat (D:3)
75 creatures vanquished.

Notes
Turn   | Place    | Note
-------+----------+-------------------------------------------
     0 | D:1      | elite277 the Human Air Elementalist began the quest for the
                  | Orb.
     0 | D:1      | Reached XP level 1. HP: 13/13 MP: 3/3
   295 | D:1      | Reached XP level 2. HP: 19/19 MP: 1/5
   341 | D:1      | Learned a level 2 spell: Static Discharge
   521 | D:1      | Found a faded altar of an unknown god.
  1036 | D:2      | Reached XP level 3. HP: 17/24 MP: 1/6
  1333 | D:2      | Learned a level 3 spell: Swiftness
  1624 | D:2      | Reached XP level 4. HP: 25/30 MP: 3/7
  1872 | D:2      | Noticed a necrophage
  1951 | D:2      | Identified the +1 dagger of Yredelemnul's Hope {freeze,
                  | Fragile rPois rCorr Dex+3}
  2075 | D:3      | Reached skill level 4 in Air Magic
  2728 | D:3      | Found a shimmering blue altar of Sif Muna.
  2734 | D:3      | Became a worshipper of Sif Muna the Loreminder
  3245 | D:4      | Reached XP level 5. HP: 34/35 MP: 3/9
  3562 | D:4      | Found a staircase to the Ecumenical Temple.
  3571 | Temple   | Entered the Ecumenical Temple
  4053 | D:4      | Found a broken altar of Ashenzari.
  4117 | D:4      | Reached * piety under Sif Muna
  4219 | D:4      | Found Fyukh's Weapon Shop.
  4563 | D:4      | Reached XP level 6. HP: 24/42 MP: 7/11
  4829 | D:5      | Entered Level 5 of the Dungeon
  4829 | D:5      | Noticed Duvessa
  4829 | D:5      | Noticed Dowan
  4887 | D:4      | Reached skill level 1 in Short Blades
  5016 | D:5      | Found a blossoming altar of Fedhas.
  5168 | D:5      | Reached skill level 1 in Fighting
  5215 | D:5      | Killed Dowan
  5215 | D:5      | Killed by an exploding Dowan... ignited by their inner
                  | flame

Illustrated notes

Levels and vault maps discovered:
D:1:      ncdulo_lavacross, layout_loops_ring,
          shapermc_ecumenical_altar_notcrosses
D:2:      minmay_general_purpose_star, layout_loops_ring, chequers_garden,
          lightli_corner_chamber
D:3:      layout_loops_ring, led_sif_pool
D:4:      layout_basic, mainiacjoe_overflow_paths, minmay_temple_entry_poolview,
          serial_shops, nicolae_shop_bloodbath_and_beyond, grunt_ministairs_7
D:5:      layout_loops_ring, mainiacjoe_overflow_24_doors, uniq_grinder,
          uniq_blork_the_orc, uniq_eustachio, uniq_duvessa, uniq_menkaure
Temple:   hc_temple_tempest_star

Skill      XL: |  1  2  3  4  5  6 |
---------------+-------------------+-----
Air Magic      | 4 |  4.6
Spellcasting   | 3 |  3.6
Conjurations   | 2 |  2.4
Short Blades   | 1 |  1.4
Fighting       | 1 |  1.0
Dodging        | |  2.6
Stealth        | |  2.0
Unarmed Combat | |  0.1

Action                   |  1- 3 |  4- 6 || total
-------------------------+-------+-------++-------
Melee: Unarmed           |     9 |       ||     9
       Dagger            |     9 |    49 ||    58
 Cast: Shock             |    37 |    59 ||    96
       Static Discharge  |     5 |    21 ||    26
       Swiftness         |       |     3 ||     3
  Use: Scroll            |       |    11 ||    11
       Potion            |       |     1 ||     1
 Stab: Sleeping          |     1 |     7 ||     8
Armor: Robe              |     2 |     7 ||     9
Dodge: Dodged            |    11 |    40 ||    51

Table legend: (Time is in decaauts)
 A = Elapsed time spent in this place.
 B = Non-inter-level travel time spent in this place.
 C = Inter-level travel time spent in this place.
 D = Time resting spent in this place.
 E = Time spent auto-exploring this place.
 F = Levels seen in this place.
 G = Mean time per level.
                   A        B        C        D        E       F      G
               +--------+--------+--------+--------+--------+-----+--------+
         Total |   5206 |   4923 |    283 |   1324 |   2014 |   6 |  867.7 |
       Dungeon |   4829 |   4586 |    243 |   1324 |   1690 |   5 |  965.8 |
        Temple |    376 |    336 |     40 |      0 |    324 |   1 |  376.0 |
               +--------+--------+--------+--------+--------+-----+--------+

Top non-repeatable levels by time:
     D:4: 1446 daAuts
     D:3: 1067 daAuts
     D:2: 1050 daAuts
     D:1: 960 daAuts
  Temple: 376 daAuts
     D:5: 304 daAuts
